 Dungeon Crawl Stone Soup version 0.18.1-50-g88ac8fd (webtiles) character file.

3551 lorenzova the Thaumaturge (level 9, 0/45 HPs)
             Began as a Deep Elf Conjurer on Oct 16, 2016.
             Was a High Priest of Sif Muna.
             Shot with an arrow by a centaur (8 damage)
             ... on level 7 of the Dungeon.
             The game lasted 00:31:37 (10883 turns).

lorenzova the Thaumaturge (Deep Elf Conjurer)      Turns: 10883, Time: 00:31:38

Health: 0/45       AC:  6    Str:  5    XL:     9   Next: 83%
Magic:  27/27      EV: 18    Int: 24    God:    Sif Muna [*****.]
Gold:   544        SH:  0    Dex: 20    Spells: 3 memorised, 24 levels left

rFire  . . .     SeeInvis .     B - +1 rapier "Buacuifit" {pierce, rElec rPois}
rCold  + . .     Gourm    .     a - +0 robe
rNeg   . . .     Faith    .     (no shield)
rPois  +         Spirit   .     w - +0 helmet
rElec  +         Dismiss  .     (no cloak)
rCorr  .         Reflect  .     W - +1 pair of gloves
SustAt .         Harm     .     t - +0 pair of boots
MR     .....                    (no amulet)
Stlth  +++.......               (no ring)
                                z - ring of protection from cold

@: agile, not resistant to hostile enchantments, fairly stealthy
A: no striking features
a: Channel Energy, Forget Spell, Renounce Religion


You were on level 7 of the Dungeon.
You worshipped Sif Muna.
Sif Muna was extremely pleased with you.
You were very hungry.

You visited 1 branch of the dungeon, and saw 8 of its levels.

You collected 544 gold pieces.

Inventory:

Hand Weapons
 e - a +0 short sword
 B - the +1 rapier "Buacuifit" (weapon) {pierce, rElec rPois}
   (You found it on level 6 of the Dungeon)

   It inflicts extra damage upon your enemies.
   It insulates you from electricity.
   It protects you from poison.
Armour
 a - a +0 robe (worn)
 t - a +0 pair of boots (worn)
 w - a +0 helmet (worn)
 W - a +1 pair of gloves (worn)
Magical Staves
 p - an uncursed staff of summoning
 C - an uncursed staff of air
Jewellery
 v - an uncursed amulet of harm
 z - a ring of protection from cold (left hand)
 I - a +2 amulet of reflection {unknown}
 O - an uncursed ring of ice
 R - an uncursed amulet of guardian spirit
Wands
 s - a wand of disintegration (9/24)
 A - a wand of digging (17/24)
 F - a wand of digging (10/24)
 G - a wand of random effects (22/48)
 L - a wand of confusion (24/48)
 P - a wand of iceblast (8/15)
Scrolls
 h - a scroll of enchant weapon
 i - 2 scrolls of enchant armour {unknown}
 j - a scroll of recharging {unknown}
 l - 2 scrolls of magic mapping
 r - 5 scrolls of remove curse
 y - 2 scrolls of teleportation {unknown}
 H - a scroll of immolation {unknown}
 J - a scroll of random uselessness {unknown}
 T - a scroll of amnesia {unknown}
 U - a scroll of fog {unknown}
Potions
 d - 3 potions of resistance
 f - 3 potions of mutation
 g - a potion of cancellation
 m - 2 potions of flight {unknown}
 n - a potion of cure mutation {unknown}
 o - 2 potions of degeneration
 q - 2 potions of lignification {unknown}
 x - a potion of berserk rage {unknown}
 K - a potion of agility
 M - 3 potions of ambrosia {unknown}
 S - a potion of curing {unknown}
Books
 b - a book of Conjurations

   Spells                             Type                      Level
   a - Magic Dart                     Conjuration                  1
   b - Searing Ray                    Conjuration                  2
   c - Dazzling Spray                 Conjuration/Hexes            3
   d - Fulminant Prism                Conjuration/Hexes            4
   e - Iskenderun's Mystic Blast      Conjuration                  4
   f - Iskenderun's Battlesphere      Conjuration/Charms           5
 N - a book of the Dragon

   Spells                             Type                      Level
   a - Flame Tongue                   Conjuration/Fire             1
   b - Cause Fear                     Hexes                        4
   c - Bolt of Fire                   Conjuration/Fire             6
   d - Dragon Form                    Transmutation                7
   e - Dragon's Call                  Summoning                    9
Comestibles
 c - 6 bread rations
 u - 2 beef jerkies
 D - 2 slices of pizza
 E - a royal jelly
 Q - a meat ration
 V - 5 fruits


   Skills:
 - Level 2.4 Dodging
 - Level 2.4 Stealth
 + Level 12.8 Spellcasting
 + Level 11.6 Conjurations


You had 24 spell levels left.
You knew the following spells:

 Your Spells              Type           Power        Failure   Level  Hunger
a - Magic Dart            Conj           ####         1%          1    None
b - Iskenderun's Mystic   Conj           ######..     1%          4    None
c - Fulminant Prism       Conj/Hex       #####.....   3%          4    None


Dungeon Overview and Level Annotations

Branches:
Dungeon (8/15)             Temple (0/1) D:6
   Lair: D:8-11

Altars:
Cheibriados
Elyvilon
Gozag
Makhleb
Nemelex Xobeh
Okawaru
Pakellas
Sif Muna
The Shining One


Message History

Drink which item? (? for menu, Esc to quit)
You feel agile all of a sudden.
The tengu warrior completely misses you.
An orc comes into view.
The tengu warrior hits you from afar with a bardiche!!
Ouch! That really hurt!
* * * LOW HITPOINT WARNING * * *
An orc comes into view. It is wielding a hand axe.
You see here a flail.
The tengu warrior hits you from afar with a bardiche!
* * * LOW HITPOINT WARNING * * *
There is a stone staircase leading up, spattered with blood here.
You climb upwards.
There is a stone staircase leading down here.
You start resting.
A centaur comes into view.
A centaur is nearby!
The centaur shouts!
The centaur wields a shortbow.
The centaur shoots an arrow.
The arrow hits you!
You die...

#.#.##.......#
#.#.##.......################
.......................[....#
#.#.##.......###.#########.##
#.#.##.......# #.# #.#
#.#.##.......# #.##### #.#
#.#.##.......# #.....# #.#
#.#.############..##.# #.#
...[###########8@.8#.# #.#
.###............>....# #.# .#
#..).............## #.#
.###..........#8..8## #.#
.......)....c.##..## #.#
.###.............## #.# .#
#....)..((..).#########.# .#
######.###..............# .#
#.# #.##############


You could see a centaur.

Vanquished Creatures
  A gargoyle (D:8)
  A two-headed ogre (D:8)
  A slime creature (D:8)
  A hippogriff (D:8)
  2 ice beasts
  An orc warrior (D:6)
  An ogre (D:5)
  A phantom (D:6)
  7 centaurs
  2 big kobolds (D:6)
  Blork the orc (D:5)
  3 giant frogs
  A gnoll sergeant (D:6)
  2 scorpions
  A crimson imp (D:5)
  2 jellies
  6 hounds
  3 orc priests
  2 giant frog skeletons
  4 orc wizards
  2 iguanas
  8 worker ants
  A killer bee zombie (D:8)
  12 gnolls
  12 adders
  A shadow imp (D:8)
  An adder skeleton (D:8)
  2 worms
  2 dart slugs
  5 giant geckos
  22 orcs
  A ball python (D:2)
  6 bats
  6 giant cockroaches
  16 goblins
  22 hobgoblins
  15 jackals
  4 quokkas
  5 giant newts
  24 kobolds
  A quokka skeleton (D:5)
  A quokka zombie (D:6)
  9 rats
221 creatures vanquished.

Vanquished Creatures (others)
  6 fulminant prisms
  A plant (D:6)
7 creatures vanquished.

Grand Total: 228 creatures vanquished

Notes
Turn   | Place    | Note
--------------------------------------------------------------
     0 | D:1      | lorenzova the Deep Elf Conjurer began the quest for the Orb.
     0 | D:1      | Reached XP level 1. HP: 10/10 MP: 6/6
   179 | D:1      | Reached XP level 2. HP: 15/15 MP: 4/8
   404 | D:1      | Reached skill level 4 in Spellcasting
   752 | D:2      | Reached skill level 5 in Conjurations
   752 | D:2      | Reached XP level 3. HP: 19/19 MP: 6/10
   895 | D:2      | Found a white marble altar of Elyvilon.
  1128 | D:2      | Found an opulent altar of Gozag.
  1273 | D:2      | Reached XP level 4. HP: 24/24 MP: 8/12
  1307 | D:2      | Learned a level 4 spell: Iskenderun's Mystic Blast
  1418 | D:2      | Found an iron altar of Okawaru.
  1418 | D:2      | Found a deep blue altar of Sif Muna.
  1422 | D:2      | Found a burning altar of Makhleb.
  1422 | D:2      | Found a snail-covered altar of Cheibriados.
  1524 | D:2      | Reached skill level 5 in Spellcasting
  1646 | D:2      | Became a worshipper of Sif Muna the Loreminder
  2150 | D:3      | Reached XP level 5. HP: 28/28 MP: 12/14
  2351 | D:3      | Found an oddly glowing altar of Pakellas.
  3470 | D:5      | Entered Level 5 of the Dungeon
  3476 | D:5      | Reached skill level 6 in Spellcasting
  3511 | D:5      | Reached XP level 6. HP: 32/32 MP: 9/17
  3597 | D:5      | Noticed Blork the orc
  3602 | D:5      | Killed Blork the orc
  3784 | D:5      | Found a sparkling altar of Nemelex Xobeh.
  4041 | D:5      | Reached * piety under Sif Muna
  4041 | D:5      | Reached skill level 7 in Spellcasting
  4486 | D:5      | Reached XP level 7. HP: 36/36 MP: 12/19
  4941 | D:5      | Reached skill level 8 in Spellcasting
  5157 | D:5      | Reached ** piety under Sif Muna
  5394 | D:6      | Reached skill level 9 in Spellcasting
  5394 | D:6      | Reached XP level 8. HP: 37/41 MP: 13/23
  5482 | D:6      | Got a twisted rapier
  5483 | D:6      | Identified the +1 rapier "Buacuifit" {pierce, rElec rPois} (You found it on level 6 of the Dungeon)
  5671 | D:6      | Found a glowing golden altar of the Shining One.
  5799 | D:6      | Learned a level 4 spell: Fulminant Prism
  6488 | D:6      | Found a staircase to the Ecumenical Temple.
  6929 | D:6      | Reached skill level 10 in Spellcasting
  7056 | D:6      | Reached *** piety under Sif Muna
  7555 | D:6      | Reached skill level 10 in Conjurations
  7558 | D:6      | Reached skill level 11 in Spellcasting
  7693 | D:6      | Reached XP level 9. HP: 45/45 MP: 23/26
  8878 | D:7      | Reached **** piety under Sif Muna
  9785 | D:8      | Reached skill level 12 in Spellcasting
 10135 | D:8      | Reached ***** piety under Sif Muna
 10416 | D:8      | Noticed a gargoyle
 10434 | D:8      | Killed a gargoyle
 10823 | D:8      | Noticed a tengu warrior
 10883 | D:7      | Shot with an arrow by a centaur

Skill      XL: |  1  2  3  4  5  6  7  8  9 |
---------------+----------------------------+-----
Spellcasting   | 4 5 6 7 9 11 12 | 12.8
Conjurations   | 5 6 7 8 10 11 | 11.6
Dodging        | |  2.4
Stealth        | |  2.4

Action                   |  1- 3 |  4- 6 |  7- 9 || total
-------------------------+-------+-------+-------++-------
Melee: Short sword       |       |    18 |       ||    18
       Rapier            |       |       |     6 ||     6
 Cast: Magic Dart        |    60 |   157 |   358 ||   575
       Iskenderun's Myst |       |     8 |    47 ||    55
       Fulminant Prism   |       |       |     6 ||     6
  Use: Scroll            |     3 |     5 |     2 ||    10
       Potion            |       |       |     2 ||     2
  Eat: Chunk             |       |     9 |    20 ||    29
       Pizza             |       |     1 |       ||     1
Armor: Robe              |     2 |    11 |    16 ||    29
Dodge: Dodged            |     2 |    36 |    69 ||   107
